 Dungeon Crawl Stone Soup version 0.20.1-1-g8b1a95d66d (webtiles) character file.

120 NullDivider the Charlatan (level 5, -6/33 HPs)
             Began as an Octopode Artificer on Dec 4, 2017.
             Mangled by Moto's ghost (10 damage)
             ... on level 3 of the Dungeon.
             The game lasted 00:11:04 (2401 turns).

NullDivider the Charlatan (Octopode Artificer)      Turns: 2401, Time: 00:11:05

Health: -6/33      AC:  1    Str: 12    XL:     5   Next: 4%
Magic:  8/8        EV: 14    Int: 13    God:
Gold:   148        SH:  0    Dex: 13    Spells: 4/4 levels left

rFire    . . .     SeeInvis .   i - +1 dagger (protect)
rCold    . . .     Gourm    .   (no shield)
rNeg     . . .     Faith    .   (helmet restricted)
rPois    .         Spirit   .   (no amulet)
rElec    .         Reflect  .   (no ring)
rCorr    .         Harm     .   (no ring)
MR       .....                  (no ring)
Stlth    +++.......             (no ring)
Regen    0.2/turn               (no ring)
MPRegen  0.2/turn               (no ring)
                                (no ring)
                                (no ring)

@: no status effects
A: almost no armour, stealthy swim, amphibious, 8 rings, constrict 8, camouflage
1, gelatinous body 1
a: no special abilities


You were on level 3 of the Dungeon.
You were not hungry.

You visited 1 branch of the dungeon, and saw 3 of its levels.

You collected 148 gold pieces.

Inventory:

Hand Weapons
 i - a +1 dagger of protection (weapon)
Jewellery
 g - an uncursed ring of fire {unknown}
 j - a +3 ring of strength {unknown}
Wands
 b - a wand of flame (9/48)
 c - a wand of enslavement (15/24)
 d - a wand of random effects (6/48)
Scrolls
 e - a scroll of blinking {unknown}
 l - a scroll of enchant weapon {unknown}
 n - 2 scrolls of remove curse {unknown}
 o - a scroll of recharging {unknown}
 r - a scroll of amnesia {unknown}
 s - a scroll of enchant armour {unknown}
 v - a scroll of teleportation {unknown}
Potions
 k - 2 potions of might {unknown}
 p - a potion of brilliance {unknown}
 q - a potion of curing {unknown}
 t - a potion of agility {unknown}
Books
 u - a book of Callings

   Spells                             Type                      Level
   a - Summon Small Mammal            Summoning                    1
   b - Call Imp                       Summoning                    2
   c - Call Canine Familiar           Summoning                    3
   d - Summon Guardian Golem          Hexes/Summoning              3
   e - Summon Lightning Spire         Summoning/Air                4
   f - Summon Ice Beast               Ice/Summoning                4
Comestibles
 a - a chunk of flesh
 f - 2 bread rations
 h - 4 meat rations
 m - 2 fruits


   Skills:
 + Level 1.5 Fighting
 + Level 2.1 Short Blades
 + Level 2.9 Dodging
 * Level 3.8 Stealth
 + Level 4.0 Evocations


You had 4 spell levels left.
You didn't know any spells.

Dungeon Overview and Level Annotations

Branches:
Dungeon (3/15)

Altars:

Annotations:
D:3 Moto's ghost, amateur MiAK


Innate Abilities, Weirdness & Mutations

You cannot wear most types of armour.
You are very stealthy in the water. (Stealth+)
You are amphibious.
You can wear up to eight rings at the same time.
You can use your tentacles to constrict eight enemies at once.
Your skin changes colour to match your surroundings (Stealth+).
Your rubbery body absorbs attacks. (AC +1, EV +1)


Message History

Press: ? - help, Shift-Dir - straight line The puff of flame hits something.
This wand has 9 charges left.
Evoke which item? (* to show all) (? for menu, Esc to quit)
Aiming: Random Effects
Press: ? - help, Shift-Dir - straight line The bolt of negative energy hits something.
This wand has 8 charges left.
Evoke which item? (* to show all) (? for menu, Esc to quit)
Aiming: Random Effects
Press: ? - help, Shift-Dir - straight line Nothing appears to happen.
This wand has 7 charges left.
Something hits you!
Evoke which item? (* to show all) (? for menu, Esc to quit)
Aiming: Random Effects
Press: ? - help, Shift-Dir - straight line Nothing appears to happen.
This wand has 6 charges left.
Something barely misses you. Something hits you. Something hits you!
* * * LOW HITPOINT WARNING * * *
Something hits you!
You die...

...##....##.......# #.##........
...##.....#.......# #.##........
...##.............# ##.###.......
....#....#........###..# ##.....#
.........##.....####..## ####)##
.####....#####..####.#########รท#
.####....#####...##..###...#...##
...####........#.#..###.........#
...########...##@..##........[...
.................................
..#...............####...........
#...........##.#...####.........#
...........#...#.....###...#...##
..........##.#####.#....######.#
.###.####.##.#####..###...# #.#
............................##.#
..#..####.#.#...............##.#


There were no monsters in sight!

Vanquished Creatures
  4 adders
  2 worms
  3 dart slugs
  3 leopard geckos
  3 bats
  A giant cockroach (D:1)
  3 goblins
  14 hobgoblins
  7 jackals
  9 kobolds
  A quokka (D:3)
  3 ball pythons
  5 frilled lizards
  8 rats
66 creatures vanquished.

Notes
Turn   | Place    | Note
-------+----------+-------------------------------------------
     0 | D:1      | NullDivider the Octopode Artificer began the quest for the Orb.
     0 | D:1      | Reached XP level 1. HP: 13/13 MP: 3/3
   142 | D:1      | Reached XP level 2. HP: 14/18 MP: 4/4
   516 | D:1      | Reached XP level 3. HP: 15/23 MP: 5/5
  1136 | D:2      | Reached XP level 4. HP: 22/28 MP: 6/6
  2105 | D:3      | Reached XP level 5. HP: 33/33 MP: 7/7
  2127 | D:3      | Noticed Moto's ghost (amateur MiAK)
  2320 | D:3      | Found a faded altar of an unknown god.
  2339 | D:3      | Reached skill level 4 in Evocations
  2401 | D:3      | Mangled by Moto's ghost

Skill      XL: |  1  2  3  4  5 |
---------------+----------------+-----
Stealth        | 2 3 |  3.8
Short Blades   | 2 |  2.1
Evocations     | 4 |  4.0
Fighting       | |  1.5
Dodging        | |  2.9

Action                   |  1- 3 |  4- 6 || total
-------------------------+-------+-------++-------
Melee: Short sword       |    23 |       ||    23
       Constrict         |    24 |    18 ||    42
       Tentacles         |    15 |    12 ||    27
       Dagger            |    65 |    64 ||   129
Evoke: Wand              |       |    15 ||    15
 Stab: Sleeping          |     5 |     7 ||    12
  Eat: Chunk             |     1 |     4 ||     5
Armor: Skin              |    12 |     7 ||    19
Dodge: Dodged            |    49 |    34 ||    83
